Unix NetHack Version 3.7.0-73 Work-in-progress - last build Feb 17 2023 02:16:44 (48fe2e8c4a70f1d2d5b622443eb9b5bc1b8d05f7,branch:master). Game began 2023-02-28 21:52:20, ended 2023-03-21 19:07:17. spontiff, neutral female gnomish Healer }}}}}}}}}}}}}}}}}}}}}}}}}}}}}}}}}}}}}}}}}}}}}}}}}}}}}}}}}}}}}}}}}}}}}}}}}}}} }}.}}}....}}}.}}}}}}}}.}}}.}}.}}}}}}}}}}}}}}}}.}}.}}}}}}}}}}.............}}} }}}........}}S}...}}..................................}}}}}...............}} }}..........}}}}..}}}.....................Z.............}}}}......r......}}} .............D*..............}}}}}}}}}}.}}}}}} -.........r}.}}.}}}@}}}}.}} ---.......r}}r...}S.;}[.}.} |.......}........^..^...} |......}}}....D.D.V...}}} +.....}.}}}}}}}}}}}c.}.}} |......}}}}}}..i...}}}}}} |.....}}}}}..........}}.} -....}}}}.............}}} -.........}}}}}........}}}} .........}}}}}}}}.%}}.....}}} .............}}}.}.}}}}}}}......} ...............}}}}}}}}............}} ................}}}}}...}}}}..........}}} }}}}}}}}}}}}}.}}}}}}}}.}.....}}}}........}}}} }}}}}}}}}}}}}}}}}}}}}}}}}}}}}}}}}}}}}}}}}}}}}}}}}} Spontiff the Rhizotomist St:16 Dx:9 Co:17 In:11 Wi:18 Ch:16 Neutral S:800 Home 1 $:0 HP:0(60) Pw:5(5) AC:-17 Xp:1/0 T:49408 Latest messages: The gold dragon misses the vampire lady. The gold dragon misses the vampire lady. The snake misses! The blast of frost whizzes by you! The gold dragon bites! The gold dragon hits! The gold dragon hits! It misses! The snake misses! What do you want to use or apply? [cfjkostwxzDT or ?*] s In what direction? u There is a shark hidden there. Status of the shark (neutral): Level 8 HP 16(32) AC 2. You are still in a pit. The vampire lady hits the gold dragon. The vampire lady bites the gold dragon. The snake misses! The blast of frost whizzes by you! The gold dragon bites! The gold dragon misses! The gold dragon misses! The shark misses! You are still in a pit. The vampire lady misses the gold dragon. The vampire lady misses the gold dragon. You crawl to the edge of the pit. The vampire lady hits the gold dragon. The vampire lady bites the gold dragon. The gold dragon misses the vampire lady. The gold dragon misses the vampire lady. The gold dragon misses the vampire lady. The snake misses! The gold dragon just misses! The gold dragon hits! The gold dragon knocks you back with a forceful strike! The shark bites! The vampire lady hits the gold dragon. The vampire lady misses the gold dragon. The gold dragon misses the vampire lady. The gold dragon misses the vampire lady. The gold dragon misses the vampire lady. The snake bites! The white dragon breathes frost! The blast of frost hits the snake! The blast of frost whizzes by you! The water freezes. The shark bites! You die... Do you want your possessions identified? [ynq] (y) y Do you want to see the dungeon overview? [ynq] (y) y Inventory: Amulets A - a blessed amulet of reflection (being worn) Armor h - a blessed +2 orcish helm (being worn) g - an uncursed very burnt +1 pair of leather gloves (being worn) v - a blessed +1 pair of elven boots (being worn) r - a blessed +2 small shield (being worn) q - an uncursed +0 robe (being worn) d - an uncursed +2 leather armor (being worn) Comestibles y - an uncursed apple n - an uncursed food ration p - an uncursed tripe ration i - an uncursed lizard corpse Rings L - an uncursed ring of protection from shape changers (on left hand) R - an uncursed ring of slow digestion (on right hand) Wands D - an uncursed wand of digging (0:6) T - an uncursed wand of teleportation (0:1) Tools f - an uncursed sack containing 44 items t - an uncursed blindfold named PoSl Ty z - an uncursed leash o - an uncursed magic whistle w - an uncursed mirror x - an uncursed oil lamp k - an uncursed skeleton key s - an uncursed stethoscope c - a blessed +0 unicorn horn Gems/Stones E - 2 uncursed black opals l - a blessed luckstone j - an uncursed touchstone Contents of the sack: an uncursed -1 pair of jumping boots an uncursed burnt +0 elven cloak an uncursed +0 mummy wrapping 3 uncursed food rations 3 uncursed tripe rations 2 uncursed lizard corpses an uncursed lizard corpse 2 uncursed lizard corpses 2 uncursed lizard corpses an uncursed scroll of earth a blessed scroll of identify a blessed scroll of scare monster an uncursed scroll of teleportation a cursed scroll of teleportation an uncursed potion of full healing a potion of holy water a potion of unholy water an uncursed ring of conflict an uncursed ring of polymorph an uncursed ring of searching an uncursed ring of teleport control an uncursed wand of digging (0:7) an uncursed wand of locking (0:7) an uncursed wand of locking (0:6) an uncursed wand of opening (0:7) an uncursed wand of polymorph (0:5) an uncursed wand of polymorph (0:3) an uncursed wand of speed monster (0:2) an uncursed wand of striking (0:7) an uncursed wand of striking (0:6) an uncursed wand of striking (0:4) an uncursed wand of undead turning (0:6) an uncursed wand of undead turning (0:4) an uncursed magic marker (0:82) an uncursed oil lamp an uncursed agate stone 2 uncursed amber stones 4 uncursed amethyst stones an uncursed citrine stone 5 uncursed diamonds 4 uncursed emeralds an uncursed jade stone an uncursed jet stone 2 uncursed rubies Spontiff the Healer's attributes: Background: You were a Rhizotomist, a level 1 female gnomish Healer. You were neutral, on a mission for Hermes who was opposed by Athena (lawful) and Poseidon (chaotic). You started out male. You were in the Quest, on level 1. You entered the dungeon 49408 turns ago. There was a new moon in effect when your adventure ended. You had 0 experience points, 20 were needed to attain level 2. Your score was 800 before end-of-game adjustments. Basics: You had 0 out of 60 hit points. You had all 5 energy points (spell power). Your armor class was -17. Your wallet was empty. Autopickup was off. Final Characteristics: Your strength was 16 (limit:18/50). Your dexterity was 9 (peak:10, limit:18). Your constitution was 17 (peak:18, limit:18). Your intelligence was 11 (limit:19). Your wisdom was 18 (limit:18). Your charisma was 16 (limit:18). Final Status: You were not hungry. You were unencumbered. You were empty handed. You were unskilled in bare handed combat. Final Attributes: You were devoutly aligned. You were sleep resistant. You were poison resistant. You were telepathic. You had infravision. You were stealthy. You had slower digestion. You had a large defense bonus (+12). You were guarded. You were protected from shape changers. You were fast. You had reflection. You were lucky. You had extra luck. Good luck did not time out for you. You are dead. Miscellaneous: You never encountered a bones level. Total elapsed playing time was 18 hours, 53 minutes and 52 seconds. Major events: Turn 1: spontiff the neutral male gnomish Healer entered the dungeon 61: entered the Gnomish Mines 4776: reached Mine Town 21828: entered Sokoban 22408: completed 1st Sokoban level 23380: completed 2nd Sokoban level 25782: completed 3rd Sokoban level 27428: completed 4th Sokoban level 28433: acquired the Sokoban amulet of reflection 31379: killed the Oracle 43674: acquired the Mines' End luckstone 49408: killed by a shark, while moving through the air Vanquished creatures: a gold dragon a genetic engineer a vampire leader 7 shopkeepers the Oracle an aligned cleric a vampire a watch captain 3 ghosts a giant mimic 2 large mimics 2 water demons 20 small mimics an ettin mummy a shark a dwarf ruler a tengu a mountain centaur a stone giant 2 elf mummies a red naga 4 watchmen an amorous demon a chameleon 2 crocodiles 3 giant beetles a quivering blob 3 wolves 2 winter wolf cubs a lynx a spotted jelly 13 leprechauns an iron piercer a mumak 3 giant spiders 3 ice vortices 3 black lights 2 gnome rulers an orc mummy 2 dwarf mummies an ogre 2 brown puddings 2 owlbears a werewolf a Green-elf 9 lizards 2 chickatrices a dingo 2 dogs 2 housecats 2 jaguars 2 dwarf leaders 4 white unicorns a black unicorn 2 dust vortices a plains centaur 3 gnome mummies 5 snakes 2 water moccasins 2 apes 2 human zombies 3 rope golems 2 Woodland-elves 2 soldier ants 5 bugbears 2 imps 2 quasits 3 wood nymphs 4 water nymphs 7 mountain nymphs a Mordor orc an orc shaman 14 rock piercers 4 rock moles 3 ponies 5 fog clouds 6 yellow lights 7 shriekers 4 violet fungi 12 gnome leaders 5 gnomish wizards 8 kobold mummies a black naga hatchling a guardian naga hatchling 3 gray oozes 4 elf zombies 3 ghouls 3 straw golems 4 paper golems a baby crocodile 9 giant ants 6 little dogs 11 floating eyes 2 kittens 19 dwarves 9 homunculi 3 kobold leaders 4 kobold shamans 12 hill orcs 18 rothes 6 rabid rats 3 centipedes 10 giant bats 7 monkeys 12 orc zombies 5 dwarf zombies 6 wererats 8 werejackals 29 iguanas 7 killer bees 13 acid blobs 14 coyotes 11 gas spores 12 hobbits 12 manes 7 large kobolds 8 hobgoblins 29 giant rats 13 cave spiders 7 brown molds 10 yellow molds 4 green molds 6 red molds 27 gnomes 5 garter snakes 6 gnome zombies 39 geckos 73 jackals 13 foxes 9 kobolds 20 goblins 21 sewer rats 51 grid bugs 6 bats 52 lichens 15 kobold zombies 64 newts 1001 creatures vanquished. No species were genocided or became extinct. Voluntary challenges: You never hit with a wielded weapon. You were a pacifist. You read items or engraved 18 times. You never engraved Elbereth. You never genocided any monsters. You used no wishes. You violated the special Sokoban rules once. Achievements: You entered the Gnomish Mines. You entered a shop. You entered Minetown. You entered a temple. You entered Sokoban. You completed Sokoban. You completed the Gnomish Mines. The Dungeons of Doom: levels 1 to 17 Level 1: Level 2: A general store. Stairs down to The Gnomish Mines. Level 3: "Stashlet" An untended shop. Level 4: An untended shop, an altar to Hermes. Level 5: "magic trap" Level 6: An untended shop. Level 7: Level 8: Level 9: "Polytrap; Stashlet: pick" A fountain. Oracle of Delphi. Level 10: An untended shop, a fountain. Stairs up to Sokoban, level 9. Level 11: A fountain, a grave. Level 12: A fountain. Level 13: "Stashlet" An untended shop, a sink. Level 14: "magic trap" Level 15: A primitive area. Level 16: An untended shop. Summoned by Hippocrates. Portal to The Quest. Level 17: The Gnomish Mines: levels 3 to 11 Level 3: Level 4: Level 5: Level 6: Many shops, a temple, a sink. Level 7: Level 8: Level 9: "Polytrap under boulder; magic trap" Level 10: Level 11: "Catacombs" Some fountains. The Quest: Level 1: <- You were here. Home. Final resting place for you, killed by a shark, while moving through the air. Sokoban: levels 9 up to 6 Level 6: Solved. Level 7: Solved. Level 8: Solved. Level 9: Solved. Game over: ---------- / \ / REST \ / IN \ / PEACE \ / \ | spontiff | | 0 Au | | killed by a | | shark | | | | | | 2023 | *| * * * | * _________)/\\_//(\/(/\)/\//\/|_)_______ Goodbye spontiff the Healer... You died in The Quest on dungeon level 1 with 800 points, and 0 pieces of gold, after 49408 moves. You were level 1 with a maximum of 60 hit points when you died.